cohdb
Replays
Latest Replays
All Replays
Popular Replays
Top Player Replays
Match Explorer
How It Works
Community
CoH3 Stats
Reddit
Sign in to upload your games and track your stats! →
Sign in with Steam
Match 44033213
Unlisted
Match 44033213
Overview
Messages
Build Orders
End
Scout Squad
Construct Barracks
Selects Heavy Weapons
Riflemen Squad
Riflemen Squad
Riflemen Squad
Infantry Support Center
Selects Assault Carriers
Construct Weapon Support Center
M3 Assault Carrier
Construct Medical Station
Construct Medical Station
Selects Exchangeable Parts
Engineer Squad
M3 Assault Carrier
M3 Assault Carrier
M1918 Browning Automatic Rifles
M3 Assault Carrier
M3 Assault Carrier
Grenade Package
Riflemen Squad
Bazooka Squad
Bazooka Squad
Ares
juice
HulkSMASH
CAuMOH
0
0
Comments
sign in to comment!
No comments posted yet!